AoeStats
← Hanson

Arena

510286452Analyzed
4v4 RM · 22h ago on Sep 30, 2026· 51m 42s· 8 players
Game mode
Random Map
Map size
Large (8 player)
Population
200
Speed
Normal
Resources
Standard
Victory
Conquest
Starting age
Dark Age
Ending age
Imperial Age
RankedLock teamsTeams togetherTeam positionsShared explorationLock speedFull tech treeHidden civsTurbo modeCheats
Victory
Defeat
🇭🇰 Burgundians · Hong Kong SAR China
857
+11
🇨🇳 Franks · China
855
+11
🇦🇺 Poles · Australia
655
+41
🇩🇪 Britons · Germany
631
+19
🇹🇼 Gurjaras · Taiwan
773
-17
🇨🇳 Byzantines · China
726
-15
🇨🇳 Shu · China
725
-15
🇮🇳 Teutons · India
671
-13
怎么就违规了
5:37 Loom
11:40 Feudal Age
12:34 Double-Bit Axe
19:42 Castle Age
22:57 Forging
25:21 Iron Casting
24:35 Horse Collar
29:53 Imperial Age
28:01 Husbandry
28:21 Scale Barding Armor
28:35 Fortified Wall
29:49 Wheelbarrow
29:05 Treadmill Crane
33:06 Hand Cart
39:09 Chemistry
38:48 Fletching
39:39 Bodkin Arrow
40:25 Murder Holes
40:03 Elite Skirmisher
40:49 Bracer
41:12 Thumb Ring
41:37 Ballistics
41:31 Padded Archer Armor
44:38 Leather Archer Armor
48:36 Ring Archer Armor
HeartYuNi
11:07 Feudal Age
12:19 Feudal Age
13:13 Double-Bit Axe
13:21 Gold Mining
15:29 Horse Collar
20:32 Wheelbarrow
21:05 Bloodlines
21:11 Forging
21:07 Scale Barding Armor
24:19 Castle Age
25:16 Husbandry
25:38 Bow Saw
26:18 Gold Shaft Mining
25:35 Stone Mining
27:47 Stone Shaft Mining
27:54 Hand Cart
27:24 Loom
28:53 Heavy Plow
31:59 Imperial Age
32:07 Heavy Camel Rider
34:23 Iron Casting
34:09 Chain Barding Armor
35:51 Murder Holes
36:17 Ballistics
37:43 Conscription
37:34 Kshatriyas
37:46 Caravan
39:33 Elite Chakram Thrower
40:30 Scale Mail Armor
42:23 Plate Barding Armor
42:04 Chain Mail Armor
43:25 Hoardings
43:48 Elite Shrivamsha Rider
45:26 Crop Rotation
48:14 Plate Mail Armor
A11Wolv3rin3
2:07 Loom
3:26 Loom
16:11 Feudal Age
16:57 Double-Bit Axe
16:54 Horse Collar
17:08 Stone Mining
17:11 Gold Mining
26:26 Castle Age
23:49 Man-at-Arms
24:15 Arson
25:21 Bloodlines
27:53 Bow Saw
27:53 Heavy Plow
28:33 Stone Shaft Mining
28:16 Long Swordsman
28:16 Pikeman
28:42 Gambesons
28:57 Squires
28:55 Fletching
29:06 Padded Archer Armor
29:17 Forging
29:07 Scale Mail Armor
34:15 Imperial Age
33:17 Bodkin Arrow
33:57 Iron Casting
33:38 Chain Mail Armor
33:30 Scale Barding Armor
35:06 Wheelbarrow
35:31 Ironclad
35:32 Caravan
36:28 Hand Cart
37:54 Halberdier
39:05 Fortified Wall
39:16 Ballistics
39:26 Cavalier
40:34 Town Watch
40:38 Elite Teutonic Knight
41:23 Guard Tower
41:45 Masonry
42:36 Chemistry
41:58 Town Patrol
44:28 Paladin
bluetiger74
0:58 Loom
14:43 Feudal Age
15:37 Horse Collar
15:50 Stone Mining
15:49 Double-Bit Axe
15:58 Gold Mining
15:59 Town Watch
24:11 Castle Age
22:39 Fletching
24:45 Wheelbarrow
24:33 Pikeman
24:50 Elite Skirmisher
25:36 Husbandry
26:43 Gold Shaft Mining
27:54 Heavy Plow
28:15 Bow Saw
30:04 Coiled Serpent Array
32:25 Crossbowman
34:43 Scale Barding Armor
34:43 Murder Holes
34:59 Fortified Wall
35:02 Scale Mail Armor
35:28 Bodkin Arrow
36:43 Treadmill Crane
39:11 Thumb Ring
46:41 Imperial Age
47:27 Ballistics
46:58 Heated Shot
47:19 Masonry
47:29 Chain Mail Armor
47:15 Padded Archer Armor
Hanson
9:16 Wheelbarrow
11:25 Feudal Age
9:57 Double-Bit Axe
10:10 Horse Collar
13:05 Loom
13:43 Hand Cart
18:33 Castle Age
17:29 Heavy Plow
17:41 Bow Saw
21:47 Town Watch
26:46 Cavalier
29:20 Two-Man Saw
29:33 Husbandry
31:28 Masonry
34:45 Imperial Age
33:07 Fortified Wall
33:10 Forging
33:06 Scale Barding Armor
33:24 Burgundian Vineyards
33:34 Gold Mining
33:37 Stone Mining
34:55 Treadmill Crane
35:52 Iron Casting
36:22 Crop Rotation
35:22 Paladin
36:27 Conscription
38:04 Chain Barding Armor
38:45 Blast Furnace
38:30 Gold Shaft Mining
39:02 Caravan
40:51 Plate Barding Armor
42:06 Architecture
43:38 Fletching
43:52 Town Patrol
46:44 Chemistry
46:05 Ballistics
Destiny9x
10:43 Feudal Age
12:56 Fletching
13:06 Padded Archer Armor
12:56 Double-Bit Axe
22:41 Castle Age
23:47 Bow Saw
23:30 Horse Collar
31:45 Heavy Plow
31:43 Gold Mining
31:43 Stone Mining
31:52 Stone Mining
32:03 Bodkin Arrow
32:23 Leather Archer Armor
32:45 Forging
35:01 Leather Archer Armor
35:16 Yeomen
35:34 Treadmill Crane
35:45 Heated Shot
39:51 Imperial Age
40:18 Elite Longbowman
40:24 Elite Longbowman
43:41 Conscription
45:12 Chemistry
44:34 Ballistics
44:49 Ring Archer Armor
44:19 Bracer
44:55 Iron Casting
43:43 Heavy Mounted Crossbowman
43:44 Cranequins
43:50 Onager
AIDOS
12:21 Feudal Age
12:53 Horse Collar
17:22 Wheelbarrow
21:44 Castle Age
23:01 Double-Bit Axe
23:20 Heavy Plow
26:22 Caravan
27:43 Hand Cart
27:59 Bow Saw
31:56 Gold Mining
38:37 Town Watch
38:37 Loom
41:49 Coinage
45:07 Imperial Age
42:38 Town Patrol
45:41 Scale Mail Armor
45:46 Scale Barding Armor
45:32 Fletching
45:42 Padded Archer Armor
45:53 Forging
45:13 Onager
45:14 Capped Ram
47:07 Elite Obuch
48:08 Conscription
49:47 Lechitic Legacy
笨手笨脚还爱玩
0:33 Loom
12:05 Feudal Age
17:38 Castle Age
15:48 Double-Bit Axe
27:18 Wheelbarrow
27:58 Husbandry
30:54 Imperial Age
28:27 Pikeman
29:08 Squires
28:54 Arson
29:43 Scale Mail Armor
29:54 Forging
31:46 Chain Mail Armor
32:07 Iron Casting
34:08 Masonry
34:17 Hand Cart
36:17 Conscription
39:34 Architecture
39:19 Halberdier
40:11 Scale Barding Armor
40:56 Cavalier
41:37 Husbandry
42:41 Chemistry
42:02 Ballistics
43:10 Chain Barding Armor
43:51 Blast Furnace
43:22 Plate Mail Armor
44:32 Bow Saw
44:29 Paladin
45:02 Fletching
45:13 Padded Archer Armor
46:28 Plate Barding Armor
46:13 Caravan
47:03 Elite Skirmisher
47:42 Bodkin Arrow
Connection lost

Rejoining the realm…

Still unreachable

The connection could not be restored.

Session expired

The server has moved on; the page needs a fresh start.